 Dungeon Crawl Stone Soup version 0.30-a0-34-gbe8da3892a (webtiles) character file.

Game seed: 17951017240795946888

107 ytrimaz the Insei (level 4, -1/28 HPs)
             Began as an Octopode Transmuter on Aug 27, 2022.
             Slain by a gnoll
             ... wielding a +0 spear
              (8 damage)
             ... on level 3 of the Dungeon.
             The game lasted 00:02:49 (3330 turns).

ytrimaz the Insei (Octopode Transmuter)             Turns: 3330, Time: 00:02:50

Health: -1/28      AC:  2    Str:  8    XL:     4   Next: 85%
Magic:  8/8        EV: 13    Int: 16    God:
Gold:   56         SH:  0    Dex: 16    Spells: 3/8 levels left

rFire   . . .      SeeInvis .      - Unarmed
rCold   . . .      Faith    .    (no shield)
rNeg    . . .      Spirit   .    (helmet restricted)
rPois   .          Reflect  .    (no amulet)
rElec   .          Harm     .    (no ring)
rCorr   .          Rampage  .    (no ring)
Will    .....                    (no ring)
Stlth   ++........               (no ring)
HPRegen 0.09/turn                (no ring)
MPRegen 0.11/turn                (no ring)
                                 (no ring)
                                 (no ring)

@: confused, ambrosia-drunk
A: almost no armour, amphibious, 8 rings, camouflage 1, gelatinous body 1,
(nimble swimmer 1), tentacles, agile 1, shaggy fur 1, evolution 1
a: no special abilities


You were on level 3 of the Dungeon.
You visited 1 branch of the dungeon, and saw 3 of its levels.

You collected 56 gold pieces.

Inventory:

Jewellery
 c - a ring of fire
Scrolls
 a - 2 scrolls of identify
 e - a scroll of enchant armour
 f - a scroll of magic mapping
Potions
 b - 2 potions of might
 d - a potion of brilliance


   Skills:
 - Level 1.0 Fighting
 - Level 2.0 Dodging
 - Level 4.1 Unarmed Combat
 + Level 2.7 Spellcasting
 + Level 2.6 Transmutations
 * Level 2.1 Poison Magic


You had 3 spell levels left.
You knew the following spells:

 Your Spells              Type           Power      Damage    Failure   Level
b - Wereblood             Tmut           10%        N/A       10%         2
c - Spider Form           Tmut/Pois      9%         N/A       22%         3

Your spell library contained the following spells:

 Spells                   Type           Power      Damage    Failure   Level
 Beastly Appendage        Tmut           20%        N/A       7%          1
 Ice Form                 Ice/Tmut       6%         N/A       75%         4
 Chain Lightning          Conj/Air       1%         3d1       100%        9
 Fire Storm               Conj/Fire      1%         7d1       100%        9
 Shatter                  Erth           1%         3d5*      100%        9


Dungeon Overview and Level Annotations

Branches:
Dungeon (3/15)

Altars:

Shops:
D:2 [


Innate Abilities, Weirdness & Mutations

You cannot wear most types of armour.
You are amphibious.
You can wear up to eight rings at the same time.
Your skin changes colour to match your surroundings (Stealth+).
Your rubbery body absorbs attacks. (AC +1, EV +1)
((You are camouflaged when in or above water. (Stealth+)))
You have tentacles for arms and can constrict up to eight enemies at once.
You are agile. (Dex +4, Str/Int -1)
You are covered in fur. (AC +1)
You have hidden genetic potential.


Message History

Found 10 gold pieces.
There are monsters nearby!
Casting: Spider Form (quite dangerous; 22% risk of failure)
Confirm with . or Enter, or press ? or * to list all spells.
The spell is quite dangerous to miscast (22% risk of failure)!
Continue anyway?
You turn into a venomous arachnid creature.
Casting: Spider Form (extremely dangerous; 43% risk of failure)
Confirm with . or Enter, or press ? or * to list all spells.
You don't know that spell.
Your transformation is almost over.
The gnoll shouts! x3
The bat hits you but does no damage.
You see here a ring of flight.
You barely miss the bat. The bat hits you but does no damage.
Casting: Spider Form (extremely dangerous; 43% risk of failure)
Confirm with . or Enter, or press ? or * to list all spells.
The spell is quite dangerous to miscast (26% risk of failure)!
Continue anyway?
Okay, then.
The gnoll attacks as you move away! The gnoll barely misses you.
You hit the gnoll.
The gnoll is moderately wounded.
The gnoll closely misses you.
You hit the gnoll.
The gnoll is almost dead.
The gnoll hits you with a +0 flail!
The gnoll hits you from afar with a +0 spear.
You hit the gnoll but do no damage.
The gnoll is almost dead.
The gnoll barely misses you. The gnoll hits you with a +0 flail!
* * * LOW HITPOINT WARNING * * *
You hit the gnoll.
You kill the gnoll!
Your transformation has ended.
The gnoll barely misses you.
Unknown command.
It was a potion of ambrosia.
You are confused.
You feel invigorated.
The gnoll hits you from afar with a +0 spear!
You die...

# ...........#
##.
#.####...(.##
.#.J. #.#
#.......#
....$g##.#
#.......#
....gb.gb#
#.......#
.##.####g#
##.....## #g#
##...## #)#
##.## #######@#
#.# ........####
#.#
...........###.#
.######.....##.#
#.......#.##
#..........#
#.#........#
#>##.#.....#
#.#.#.#.####


You could see 3 gnolls and a bat.

Vanquished Creatures
  A hound (D:3)
  A gnoll (D:3)
  An adder (D:2)
  A dart slug (D:2)
  4 orcs (D:2)
  5 ball pythons
  9 bats
  2 endoplasms
  4 giant cockroaches
  2 goblins (D:1)
  3 hobgoblins
  7 jackals
  3 quokkas (D:2)
  A frilled lizard (D:2)
  4 kobolds (D:2)
  A rat (D:2)
49 creatures vanquished.

Vanquished Creatures (others)
  7 plants (D:2)
7 creatures vanquished.

Grand Total: 56 creatures vanquished

Notes
Turn   | Place    | Note
-------+----------+-------------------------------------------
     0 | D:1      | ytrimaz the Octopode Transmuter began the quest for the
                  | Orb.
     0 | D:1      | Reached XP level 1. HP: 13/13 MP: 3/3
   202 | D:1      | Reached XP level 2. HP: 16/18 MP: 3/5
   240 | D:1      | Found a faded altar of an unknown god.
  1239 | D:1      | Learned a level 2 spell: Wereblood
  1287 | D:2      | Reached skill level 4 in Unarmed Combat
  1624 | D:2      | Reached XP level 3. HP: 23/23 MP: 4/6
  1628 | D:2      | Learned a level 3 spell: Spider Form
  1911 | D:2      | Found Ceelisycs's Armour Boutique.
  1924 | D:2      | Gained mutation: You have hidden genetic potential. [potion
                  | of mutation]
  1924 | D:2      | Gained mutation: You are frail. (-10% HP) [potion of
                  | mutation]
  1924 | D:2      | Lost mutation: You have hidden genetic potential. [potion
                  | of mutation]
  1924 | D:2      | Gained mutation: You are agile. (Dex +4, Str/Int -1)
                  | [potion of mutation]
  1931 | D:2      | Reached skill level 1 in Poison Magic
  2213 | D:2      | Lost mutation: You are frail. (-10% HP) [potion of
                  | mutation]
  2213 | D:2      | Lost mutation: You are agile. (Dex +4, Str/Int -1) [potion
                  | of mutation]
  2213 | D:2      | Gained mutation: You are agile. (Dex +4, Str/Int -1)
                  | [potion of mutation]
  2213 | D:2      | Gained mutation: You have hidden genetic potential. [potion
                  | of mutation]
  2572 | D:2      | Reached XP level 4. HP: 26/28 MP: 5/7
  3248 | D:3      | Gained mutation: You are covered in fur. (AC +1) [hidden
                  | potential]
  3330 | D:3      | Slain by a gnoll

Illustrated notes

Levels and vault maps discovered:
D:1:      minmay_arrival_stone_box, layout_basic, shapermc_ecumenical_altar_venn
D:2:      wad_lake_hut, layout_basic, serial_shops, shop, wad_orctagon
D:3:      layout_loops_ring, gammafunk_temple_overflow_pools,
          gup_sewer_entry_spiral, uniq_grinder, uniq_robin

Skill      XL: |  1  2  3  4 |
---------------+-------------+-----
Unarmed Combat | 4 |  4.1
Poison Magic   | 1 2 |  2.1
Fighting       | |  1.0
Dodging        | |  2.0
Spellcasting   | |  2.7
Transmutations | |  2.6

Action                   |  1- 3 |  4- 6 || total
-------------------------+-------+-------++-------
Melee: Unarmed           |    96 |    17 ||   113
       Constrict         |    24 |     1 ||    25
       Tentacles         |    15 |     2 ||    17
       Kick              |    16 |       ||    16
       Punch             |     1 |       ||     1
 Cast: Beastly Appendage |    24 |       ||    24
       Spider Form       |       |     3 ||     3
  Use: Scroll            |     5 |     2 ||     7
       Potion            |     3 |     1 ||     4
 Stab: Sleeping          |     4 |       ||     4
Armor: Skin              |    22 |     2 ||    24
Dodge: Dodged            |    81 |     9 ||    90

Table legend: (Time is in decaauts)
 A = Elapsed time spent in this place.
 B = Non-inter-level travel time spent in this place.
 C = Inter-level travel time spent in this place.
 D = Time resting spent in this place.
 E = Time spent auto-exploring this place.
 F = Levels seen in this place.
 G = Mean time per level.
                   A        B        C        D        E       F      G
               +--------+--------+--------+--------+--------+-----+--------+
         Total |   3321 |   3238 |     83 |    384 |   2456 |   3 | 1107.0 |
       Dungeon |   3321 |   3238 |     83 |    384 |   2456 |   3 | 1107.0 |
               +--------+--------+--------+--------+--------+-----+--------+

Top non-repeatable levels by time:
     D:2: 1859 daAuts
     D:1: 1262 daAuts
     D:3: 199 daAuts
